 Dungeon Crawl Stone Soup version 0.26.0-57-g60708a5e39 (webtiles) character file.

Game seed: 15260599726872535092

42 kaeus the Insei (level 3, -1/24 HPs)
             Began as an Octopode Transmuter on Feb 1, 2021.
             Killed from afar by Natasha (8 damage)
             ... with a magic dart
             ... on level 3 of the Dungeon.
             The game lasted 00:02:10 (2369 turns).

kaeus the Insei (Octopode Transmuter)               Turns: 2369, Time: 00:02:10

Health: -1/24      AC:  2    Str:  9    XL:     3   Next: 54%
Magic:  3/6        EV: 16    Int: 15    God:
Gold:   128        SH:  0    Dex: 18    Spells: 3/6 levels left

rFire    . . .     SeeInvis .     - Unarmed
rCold    . . .     Faith    .   (shield currently unavailable)
rNeg     . . .     Spirit   .   (helmet currently unavailable)
rPois    x         Reflect  .   (no amulet)
rElec    .         Harm     .   g - -4 ring of evasion
rCorr    .         Rampage  .   (no ring)
Will     .....                  (no ring)
Stlth    ++........             (no ring)
HPRegen  0.08/turn              (no ring)
MPRegen  0.10/turn              (no ring)
                                (no ring)
                                (no ring)

@: spider-form (expiring), slowed, very slow
A: tiny, almost no armour, stealthy swim, (amphibious), 8 rings, (constrict 8)
a: End Transformation


You were on level 3 of the Dungeon.
You were a venomous arachnid creature.
You visited 1 branch of the dungeon, and saw 3 of its levels.

You collected 128 gold pieces.

Inventory:

Jewellery
 g - a -4 ring of evasion (left front leg)
Wands
 f - a wand of enslavement (6)
Scrolls
 d - a scroll of teleportation
Potions
 a - 3 potions of curing {unknown}
 c - a potion of attraction


   Skills:
 - Level 2.1 Fighting
 - Level 2.0 Dodging
 - Level 3.5 Unarmed Combat
 + Level 2.1 Spellcasting
 + Level 2.2 Transmutations
 + Level 0.9 Poison Magic


You had 3 spell levels left.
You knew the following spells:

 Your Spells              Type           Power        Failure   Level
a - Spider Form           Tmut/Pois      3%           56%         3

Your spell library contained the following spells:

 Spells                   Type           Power        Failure   Level
 Beastly Appendage        Tmut           16%          22%         1
 Wereblood                Tmut           8%           32%         2
 Ice Form                 Ice/Tmut       4%           92%         4
 Blade Hands              Tmut           4%           98%         5


Dungeon Overview and Level Annotations

Branches:
Dungeon (3/15)

Altars:

Annotations:
D:3 Natasha


Innate Abilities, Weirdness & Mutations

You cannot wear most types of armour.
You are very stealthy in the water. (Stealth+)
((You are amphibious.))
You can wear up to eight rings at the same time.
((You can use your tentacles to constrict eight enemies at once.))
((Your skin changes colour to match your surroundings (Stealth+).))
((Your rubbery body absorbs attacks. (AC +1, EV +1)))


Message History

Natasha is lightly wounded.
Natasha casts a spell at you. The magic dart hits you!
* * * LOW HITPOINT WARNING * * *
You take 8 damage, and have 7/24 hp.
MASSIVE DAMAGE!!
You hit Natasha but do no damage.
Natasha looks even sicker.
Natasha is moderately wounded.
Natasha misses you.
You hit Natasha but do no damage.
Natasha is moderately wounded.
Natasha stares at you and mumbles some strange words.
You feel yourself slow down.
You hit Natasha.
Natasha looks as sick as possible!
Natasha is heavily wounded.
Natasha barely misses you.
You barely miss Natasha.
Natasha is severely wounded.
Natasha casts a spell at you. The magic dart hits you!
You die...

......#.##.######...######
##...#.##.# ####.........
#.........# #....#.#####.
#....#.######.##.#.......
######....(.#.##.#.######
##.....####.#......#
#..........#.####...#
#.......###.#.#<.....#
....###..hs.#.#..[...# ..#
#..5........#..# .
#..........##..#
#..............#
##.........###.######
#..†...............#
#..........#..####.#
#..........#...# #.#
#..........##..# #.#


You could see an iron imp (summoned) and Natasha (extremely poisoned).

Vanquished Creatures
  An adder (D:2)
  2 oozes (D:1)
  A worm (D:2)
  2 bats (D:2)
  A giant cockroach (D:2)
  2 hobgoblins
  3 jackals (D:1)
  4 frilled lizards
  3 kobolds (D:1)
  5 rats
24 creatures vanquished.

Notes
Turn   | Place    | Note
-------+----------+-------------------------------------------
     0 | D:1      | kaeus the Octopode Transmuter began the quest for the Orb.
     0 | D:1      | Reached XP level 1. HP: 13/13 MP: 3/3
   127 | D:1      | You fall into a shaft and drop 1 floor!
   527 | D:1      | Reached XP level 2. HP: 18/18 MP: 3/5
  1144 | D:1      | Reached XP level 3. HP: 23/24 MP: 3/6
  1148 | D:1      | Learned a level 3 spell: Spider Form
  2354 | D:3      | Noticed Natasha
  2369 | D:3      | Killed from afar by Natasha

Illustrated notes

Levels and vault maps discovered:
D:1:      sevenhm_arrival_forest_fort_large_2, layout_basic,
          kennysheep_another_room
D:2:      layout_basic, chequers_decorated_corner, serial_bayou_pond_e
D:3:      layout_basic, nicolae_overflow_crystal_walls, lemuel_crystal_altar,
          serial_curves, eino_curves_01, eino_curves_02, bh_walls_and_bars,
          uniq_natasha

Skill      XL: |  1  2 |
---------------+-------+-----
Fighting       | 2 |  2.1
Dodging        | |  2.0
Unarmed Combat | |  3.5
Spellcasting   | |  2.1
Transmutations | |  2.2
Poison Magic   | |  0.9

Action                   || total
-------------------------++-------
Melee: Unarmed           ||    58
       Constrict         ||    11
       Kick              ||    11
       Tentacles         ||     4
       Punch             ||     1
 Cast: Beastly Appendage ||    22
       Spider Form       ||     1
  Use: Scroll            ||     4
 Stab: Sleeping          ||     5
Armor: Skin              ||     2
Dodge: Dodged            ||    23
